 Dungeon Crawl Stone Soup version 0.24.0-125-gc4c63601f3 (webtiles) character file.

Game seed: 17559963942580288126, levelgen mode: deterministic

721 Jerry the Slasher (level 7, -2/39 HPs)
             Began as a Vine Stalker Fighter on Feb 20, 2020.
             Was an Initiate of Wu Jian.
             Slain by a water moccasin (4 damage)
             ... on level 5 of the Dungeon.
             The game lasted 00:23:43 (3707 turns).

Jerry the Slasher (Vine Stalker Fighter)            Turns: 3707, Time: 00:23:43

Health: -2/39      AC:  5    Str: 25    XL:     7   Next: 70%
Magic:  0/8        EV: 10    Int:  8    God:    Wu Jian [......]
Gold:   243        SH:  0    Dex: 14    Spells: 6/6 levels left

rFire    + . .     SeeInvis .   a - +0 long sword
rCold    . . .     Gourm    .   (no shield)
rNeg     . . .     Faith    .   e - +0 ring mail {rF+}
rPois    +         Spirit   +   (no helmet)
rElec    .         Reflect  .   v - scarf {repulsion}
rCorr    .         Harm     .   (no gloves)
MR       .....                  (no boots)
Stlth    +.........             (no amulet)
HPRegen  0.53/turn              u - ring of poison resistance
MPRegen  0.11/turn              (no ring)

@: mighty, repel missiles
A: fangs 2, regeneration 1, magic shield, antimagic bite, no potion heal 3, rot
immunity
a: Renounce Religion


You were on level 5 of the Dungeon.
You worshipped Wu Jian.
Wu Jian was noncommittal.
You were hungry.

You visited 1 branch of the dungeon, and saw 5 of its levels.

You collected 243 gold pieces.

Inventory:

Hand Weapons
 a - a +0 long sword (weapon)
 i - a cursed +0 dagger
Armour
 b - a +0 leather armour of poison resistance
 c - a +0 shield
 e - a +0 ring mail of fire resistance (worn)
 m - a +2 cloak
 q - a +0 pair of gloves
 v - a scarf of repulsion (worn)
Jewellery
 u - a ring of poison resistance (left hand)
Scrolls
 g - 2 scrolls of identify {unknown}
 h - a scroll of teleportation {unknown}
 j - 2 scrolls of immolation {unknown}
 k - 4 scrolls of remove curse {unknown}
 l - a scroll of enchant weapon {unknown}
 o - a scroll of random uselessness {unknown}
 s - 2 scrolls of fog {unknown}
 t - a scroll of fear {unknown}
 w - a scroll of magic mapping {unknown}
 x - a scroll of blinking {unknown}
Potions
 d - a potion of resistance {unknown}
 n - 2 potions of haste {unknown}
 p - 3 potions of curing {unknown}
 r - a potion of heal wounds {unknown}
 z - a potion of flight {unknown}
 B - a potion of lignification {unknown}
Comestibles
 f - 5 rations
 C - 5 chunks of flesh


   Skills:
 + Level 5.0 Fighting
 * Level 5.2 Long Blades
 + Level 3.9 Armour
 + Level 1.0 Stealth
 - Level 2.6 Shields


You had 6 spell levels left.
You didn't know any spells.
Your spell library was empty.

Dungeon Overview and Level Annotations

Branches:
Dungeon (5/15)
 Temple: D:4-7

Altars:
Cheibriados
Gozag
Nemelex Xobeh
Ru
Vehumet
Wu Jian
Yredelemnul

Shops:
D:4 [


Innate Abilities, Weirdness & Mutations

You have extremely sharp teeth.
Your natural rate of healing is unusually fast.
When hurt, damage is shared between your health and your magic reserves.
Your bite disrupts and absorbs the magic of your enemies.
Potions cannot restore your health.
You are immune to rotting.


Message History

You feel invigorated.
The worker ant is almost dead.
The worker ant bites you but does no damage.
The worker ant misses you.
You riposte.
You hit the worker ant.
You kill the worker ant!
The Council accepts your kill.
Your Stealth skill increases to level 1!
You barely miss the water moccasin. You bite the water moccasin.
You drain its power.
The water moccasin is moderately wounded.
The water moccasin bites you!
* * * LOW HITPOINT WARNING * * *
You hit the water moccasin. Your bite misses the water moccasin.
The water moccasin is heavily wounded.
The water moccasin closely misses you. The water moccasin bites you.
* * * LOW HITPOINT WARNING * * *
You closely miss the water moccasin. Your bite misses the water moccasin.
The water moccasin is heavily wounded.
The water moccasin bites you.
You die...

#..............#.............#
##.#................####.#†.##
##...............## #.#....
#.................# #.#....
#...............##.###.##...
#...#....##†..#......##.#....
.....#........##..#........#..
.........#..S###..##.......#..
##..#...#...@.#..###.##..##..
..##.....(..........#..#>..
#......####......##......
........ #.###.###......
##....## ... ..# #...... #....
......# ##.#... ..... .....
#...(. .... ....... ......
.##..# ..###..


You could see a water moccasin.

Vanquished Creatures
  2 centaurs (D:4)
  A scorpion (D:5)
  A howler monkey (D:4)
  3 hounds
  A centaur skeleton (D:4)
  5 worker ants
  A hound skeleton (D:5)
  10 adders
  5 oozes
  2 worms
  2 dart slugs
  6 orcs
  3 ball pythons
  10 bats
  12 giant cockroaches
  10 goblins
  5 hobgoblins
  8 jackals
  3 quokkas
  2 frilled lizards
  9 kobolds
  6 rats
107 creatures vanquished.

Notes
Turn   | Place    | Note
-------+----------+-------------------------------------------
     0 | D:1      | Jerry the Vine Stalker Fighter began the quest for the Orb.
     0 | D:1      | Reached XP level 1. HP: 11/11 MP: 2/2
   216 | D:1      | Reached XP level 2. HP: 9/16 MP: 3/3
   465 | D:1      | Reached XP level 3. HP: 19/20 MP: 4/4
   560 | D:1      | Found a sparkling altar of Nemelex Xobeh.
  1052 | D:2      | Gained mutation: Your natural rate of healing is unusually
                  | fast. [Vine Stalker growth]
  1052 | D:2      | Reached XP level 4. HP: 21/24 MP: 5/5
  1405 | D:2      | Found a snail-covered altar of Cheibriados.
  1757 | D:3      | Reached XP level 5. HP: 27/29 MP: 4/6
  1826 | D:3      | Found a basalt altar of Yredelemnul.
  1852 | D:3      | Found a radiant altar of Vehumet.
  2079 | D:3      | Found an ornate altar of the Wu Jian Council.
  2354 | D:3      | Found a sacrificial altar of Ru.
  2401 | D:3      | Became a worshipper of the Wu Jian Council
  2613 | D:4      | Reached XP level 6. HP: 21/33 MP: 3/7
  3043 | D:4      | Found an opulent altar of Gozag.
  3074 | D:4      | Found Vulo's Armour Shoppe.
  3211 | D:4      | Reached XP level 7. HP: 32/38 MP: 8/8
  3574 | D:5      | Entered Level 5 of the Dungeon
  3586 | D:5      | Reached skill level 5 in Long Blades
  3594 | D:5      | Reached skill level 5 in Fighting
  3698 | D:5      | HP: 1/39 [worker ant (3)]
  3702 | D:5      | Reached skill level 1 in Stealth
  3707 | D:5      | Slain by a water moccasin

Levels and vault maps discovered:
D:1:      psy_arrival_dodecagon, layout_rooms, nemelex_altar_shiori
D:2:      minmay_roachtagon, layout_rooms, kennysheep_slug_shrine,
          minmay_misc_feat_five, kennysheep_generic_room_12
D:3:      layout_basic, lemuel_doored_altar, fiery_altar_vehumet,
          nicolae_overflow_crystal_walls, nicolae_ru_path_of_blood, minivault_19
D:4:      layout_loops_cross, serial_shops, nicolae_shop_behind_doors,
          nicolae_gozag_cash_rules_everything_around_me
D:5:      layout_cave_pools, marbit_many_paths, first_ration, ashenzari_altar_1

Skill      XL: |  1  2  3  4  5  6  7 |
---------------+----------------------+-----
Long Blades    | 2 3 4 5 |  5.2
Fighting       | 3 4 5 |  5.0
Armour         | 3 |  3.9
Stealth        | 1 |  1.0
Shields        | |  2.6

Action                   |  1- 3 |  4- 6 |  7- 9 || total
-------------------------+-------+-------+-------++-------
Melee: Long sword        |    78 |   165 |    55 ||   298
       Bite              |    25 |    58 |    23 ||   106
Invok: Lunge             |       |     2 |     4 ||     6
  Use: Potion            |     1 |       |     1 ||     2
  Eat: Chunk             |     1 |     7 |     1 ||     9
Armor: Ring mail         |    47 |    95 |    18 ||   160
       Scale mail        |     3 |       |       ||     3
Dodge: Dodged            |    57 |   112 |    39 ||   208
       Deflected         |       |     1 |     1 ||     2
       Rpst.: Long sword |    17 |    34 |    15 ||    66
